| TOP OF THE 1ST |
|
San Diego Padres batting - Pitching for Arizona Diamondbacks : RHP Marcus Wolfe
|
|
Pitching: RHP Marcus Wolfe
|
|
|
Batting: LHB Per Meulengracht
|
0-0: Ball 1-0: Called Strike 1-1: Called Strike 1-2: Ball 2-2: Strikes out swinging
|
|
Batting: SHB Jerry Luckwell
|
0-0: Swinging Strike 0-1: Called Strike 0-2: Strikes out swinging
|
|
Batting: LHB Mike Holt
|
0-0: Ball 1-0: Called Strike 1-1: Ball 2-1: DOUBLE (Flyball, 8RXD, EV 112.5 MPH)
|
|
Batting: RHB Bobby Ayala
|
0-0: Ball 1-0: Ball 2-0: Ball 3-0: Called Strike 3-1: Foul Ball, location: 2F 3-2: Foul Ball, location: 2F 3-2: Fly out, F5 (Line Drive, 5, EV 73.8 MPH)
|
| Top of the 1st over - 0 runs, 1 hit, 0 errors, 1 left on base; San Diego 0 - Arizona 0 |
| BOTTOM OF THE 1ST |
|
Arizona Diamondbacks batting - Pitching for San Diego Padres : LHP Matt Wheeler
|
|
Pitching: LHP Matt Wheeler
|
|
|
Batting: RHB Katilimomi Kelekolio
|
0-0: Swinging Strike 0-1: Fly out, F8 (Flyball, 89M, EV 95.6 MPH)
|
|
Batting: RHB Shiro Suehiro
|
0-0: Ball 1-0: SOLO HOME RUN (Line Drive, 89XD, EV 115.0 MPH), Distance : 429 ft
|
|
Batting: SHB Alec Thorpe
|
0-0: Called Strike 0-1: SINGLE (Groundball, 4MD, EV 80.6 MPH) (infield hit)
|
|
Batting: RHB David Price Jr.
|
0-0: Swinging Strike 0-1: Ball 1-1: Swinging Strike 1-2: Grounds into double play, 6-4-3 (Groundball, 6, EV 78.8 MPH)
|
| Bottom of the 1st over - 1 run, 2 hits, 0 errors, 0 left on base; San Diego 0 - Arizona 1 |
| TOP OF THE 2ND |
|
San Diego Padres batting - Pitching for Arizona Diamondbacks : RHP Marcus Wolfe
|
|
Batting: RHB Cesar Breceda
|
0-0: Ball 1-0: Ball 2-0: Foul Ball, location: 2F 2-1: SINGLE (Line Drive, 5D, EV 104.4 MPH)
|
|
Batting: LHB Aaron LeBlanc
|
0-0: Ball 1-0: Ball 2-0: Ball 3-0: Called Strike 3-1: Base on Balls Cesar Breceda to second
|
|
Batting: RHB Chiel Palstermans
|
0-0: Called Strike 0-1: Foul Ball, location: 2F 0-2: Strikes out swinging
|
|
Batting: LHB Andy Bowman
|
0-0: Ball 1-0: Swinging Strike 1-1: SINGLE (Groundball, 4D, EV 110.0 MPH) Cesar Breceda to third Aaron LeBlanc to second Runner from 3rd tries for Home, SAFE, throw by RF to home
|
|
Batting: RHB Alois Wollf
|
0-0: Foul Ball, location: 2F 0-1: Ball 1-1: Ball 2-1: Fielders Choice at 2nd, 1-6 (Groundball, 13S, EV 75.6 MPH) Aaron LeBlanc to third
|
|
Batting: LHB Per Meulengracht
|
0-0: Ball 1-0: Called Strike 1-1: Swinging Strike 1-2: Ball 2-2: Ball 3-2: Ground out 4-3 (Groundball, 4, EV 77.5 MPH)
|
| Top of the 2nd over - 1 run, 2 hits, 0 errors, 2 left on base; San Diego 1 - Arizona 1 |
| BOTTOM OF THE 2ND |
|
Arizona Diamondbacks batting - Pitching for San Diego Padres : LHP Matt Wheeler
|
|
Batting: LHB Danny Dunham
|
0-0: Ball 1-0: Foul Ball, location: 2F 1-1: Ground out 3-1 (Groundball, 34, EV 85.6 MPH)
|
|
Batting: RHB Blake Ballard
|
0-0: Ball 1-0: Swinging Strike 1-1: Bunt missed! 1-2: Ball 2-2: Ground out U3 (Groundball, 3L, EV 91.9 MPH)
|
|
Batting: LHB Eric Klasek
|
0-0: Foul Ball, location: 2F 0-1: Swinging Strike 0-2: Foul Ball, location: 2F 0-2: Fly out, F9 (Line Drive, 9, EV 98.8 MPH)
|
| Bottom of the 2nd over - 0 runs, 0 hits, 0 errors, 0 left on base; San Diego 1 - Arizona 1 |
| TOP OF THE 3RD |
|
San Diego Padres batting - Pitching for Arizona Diamondbacks : RHP Marcus Wolfe
|
|
Batting: SHB Jerry Luckwell
|
0-0: Ball 1-0: Foul Ball, location: 2F 1-1: Ball 2-1: Foul Ball, location: 2F 2-2: Ball 3-2: Base on Balls
|
|
Batting: LHB Mike Holt
|
0-0: Ball 1-0: Ball Jerry Luckwell steals 2nd base 2-0: Swinging Strike 2-1: Ball 3-1: Foul Ball, location: 2F 3-2: Foul Ball, location: 2F 3-2: Base on Balls
|
|
Batting: RHB Bobby Ayala
|
0-0: Called Strike 0-1: Ball 1-1: Ball 2-1: Foul Ball, location: 2F 2-2: Foul Ball, location: 2F 2-2: Ball 3-2: Ground out 5-3 (Groundball, 56S, EV 65.6 MPH) Jerry Luckwell to third Mike Holt to second
|
|
Batting: RHB Cesar Breceda
|
0-0: Called Strike 0-1: Foul Ball, location: 2F 0-2: Ball 1-2: Strikes out swinging
|
|
Batting: LHB Aaron LeBlanc
|
0-0: Called Strike 0-1: Swinging Strike 0-2: Fly out, F8 (Flyball, 8LD, EV 97.5 MPH)
|
| Top of the 3rd over - 0 runs, 0 hits, 0 errors, 2 left on base; San Diego 1 - Arizona 1 |
| BOTTOM OF THE 3RD |
|
Arizona Diamondbacks batting - Pitching for San Diego Padres : LHP Matt Wheeler
|
|
Batting: RHB Billy Crookston
|
0-0: Foul Ball, location: 2F 0-1: Foul Ball, location: 2F 0-2: Ball 1-2: Ball 2-2: Ball 3-2: Ground out 5-3 (Groundball, 56, EV 88.8 MPH)
|
|
Batting: LHB Kyle Beaulieu
|
0-0: Swinging Strike 0-1: Foul Ball, location: 2F 0-2: Foul Ball, location: 2F 0-2: Ball 1-2: Strikes out looking
|
|
Batting: RHB Katilimomi Kelekolio
|
0-0: Called Strike 0-1: Ball 1-1: Ball 2-1: Ball 3-1: SINGLE (Line Drive, 89S, EV 93.8 MPH)
|
|
Batting: RHB Shiro Suehiro
|
0-0: Ball Katilimomi Kelekolio is caught stealing 2nd base 2-4
|
| Bottom of the 3rd over - 0 runs, 1 hit, 0 errors, 0 left on base; San Diego 1 - Arizona 1 |
| TOP OF THE 4TH |
|
San Diego Padres batting - Pitching for Arizona Diamondbacks : RHP Marcus Wolfe
|
|
Batting: RHB Chiel Palstermans
|
0-0: Called Strike 0-1: Reached on error, E1 (Groundball, 15S, EV 68.1 MPH)
|
|
Batting: LHB Andy Bowman
|
0-0: Ball 1-0: Called Strike 1-1: Foul Ball, location: 2F 1-2: Ball 2-2: Foul Ball, location: 2F 2-2: Strikes out swinging
|
|
Pitching: LHP Jose Rodriguez
|
|
|
Batting: RHB Alois Wollf
|
0-0: Ball 1-0: Ball 2-0: Ball 3-0: Called Strike 3-1: Base on Balls Chiel Palstermans to second
|
|
Batting: LHB Per Meulengracht
|
0-0: Ball 1-0: Foul Ball, location: 2F 1-1: Fly out, F7 (Flyball, 78D, EV 94.4 MPH) Runner from 2nd tags up, SAFE at 3rd with throw by LF
|
|
Batting: SHB Jerry Luckwell
|
0-0: Called Strike 0-1: Foul Ball, location: 2F 0-2: Ball Wild Pitch! Chiel Palstermans scores Alois Wollf to second 1-2: Ball 2-2: Foul Ball, location: 2F 2-2: Foul Ball, location: 2F 2-2: Ball 3-2: Foul Ball, location: 2F 3-2: SINGLE (Line Drive, 7S, EV 111.3 MPH) Alois Wollf to third Runner from 3rd tries for Home, SAFE, throw by LF to home
|
|
Batting: LHB Mike Holt
|
0-0: Swinging Strike 0-1: Swinging Strike 0-2: Strikes out swinging
|
| Top of the 4th over - 2 runs, 1 hit, 1 error, 1 left on base; San Diego 3 - Arizona 1 |
| BOTTOM OF THE 4TH |
|
Arizona Diamondbacks batting - Pitching for San Diego Padres : LHP Matt Wheeler
|
|
Batting: RHB Shiro Suehiro
|
0-0: Ball 1-0: Called Strike 1-1: Ball 2-1: Foul Ball, location: 2F 2-2: Foul Ball, location: 2F 2-2: Strikes out swinging
|
|
Batting: SHB Alec Thorpe
|
0-0: Foul Ball, location: 2F 0-1: Ball 1-1: Fly out, F8 (Flyball, 89M, EV 86.9 MPH)
|
|
Batting: RHB David Price Jr.
|
0-0: Ball 1-0: Ball 2-0: Ball 3-0: Base on Balls
|
|
Batting: LHB Danny Dunham
|
0-0: Fly out, F9 (Flyball, 9LS, EV 96.3 MPH)
|
| Bottom of the 4th over - 0 runs, 0 hits, 0 errors, 1 left on base; San Diego 3 - Arizona 1 |
| TOP OF THE 5TH |
|
San Diego Padres batting - Pitching for Arizona Diamondbacks : LHP Jose Rodriguez
|
|
Batting: RHB Bobby Ayala
|
0-0: Called Strike 0-1: Foul Ball, location: 2F 0-2: Foul Ball, location: 2F 0-2: Foul Ball, location: 2F 0-2: Strikes out swinging
|
|
Batting: RHB Cesar Breceda
|
0-0: Ball 1-0: Foul Ball, location: 2F 1-1: Ground out 5-3 (Groundball, 56, EV 108.8 MPH)
|
|
Batting: LHB Aaron LeBlanc
|
0-0: Called Strike 0-1: Ball 1-1: Ball 2-1: SINGLE (Groundball, 6MD, EV 96.3 MPH)
|
|
Batting: RHB Chiel Palstermans
|
0-0: Ball 1-0: Foul Ball, location: 2F 1-1: Ball 2-1: Fielders Choice at 2nd, 5-4 (Groundball, 56, EV 83.8 MPH)
|
| Top of the 5th over - 0 runs, 1 hit, 0 errors, 1 left on base; San Diego 3 - Arizona 1 |
| BOTTOM OF THE 5TH |
|
Arizona Diamondbacks batting - Pitching for San Diego Padres : LHP Matt Wheeler
|
|
Pitching: RHP Raul Almonte
|
|
|
Batting: RHB Blake Ballard
|
0-0: Called Strike 0-1: Foul Ball, location: 2F 0-2: Ball 1-2: Ball 2-2: Foul Ball, location: 2F 2-2: Ball 3-2: Foul Ball, location: 2F 3-2: Strikes out swinging
|
|
Batting: LHB Eric Klasek
|
0-0: Ball 1-0: Foul Ball, location: 2F 1-1: SINGLE (Groundball, 15S, EV 68.8 MPH) (infield hit)
|
|
Batting: RHB Billy Crookston
|
0-0: Called Strike 0-1: Ball 1-1: Ball Eric Klasek steals 2nd base 2-1: Swinging Strike 2-2: Strikes out swinging
|
|
Batting: LHB Kyle Beaulieu
|
0-0: Called Strike 0-1: Ball 1-1: Ball 2-1: Swinging Strike 2-2: Ball 3-2: Ground out 4-3 (Groundball, 4, EV 108.8 MPH)
|
| Bottom of the 5th over - 0 runs, 1 hit, 0 errors, 1 left on base; San Diego 3 - Arizona 1 |
| TOP OF THE 6TH |
|
San Diego Padres batting - Pitching for Arizona Diamondbacks : LHP Jose Rodriguez
|
|
Batting: LHB Andy Bowman
|
0-0: Ground out 5-3 (Groundball, 56, EV 80.0 MPH)
|
|
Batting: RHB Alois Wollf
|
0-0: SINGLE (Line Drive, 89S, EV 101.9 MPH)
|
|
Pitching: RHP André Gaillard
|
|
|
Pinch Hitting: RHB Carlos Reyes
|
0-0: Ball 1-0: Ball 2-0: Ball 3-0: Base on Balls Alois Wollf to second
|
|
Pinch Hitting: RHB Jose Morrissey
|
0-0: Called Strike 0-1: Foul Ball, location: 2F 0-2: Strikes out swinging
|
|
Pinch Hitting: LHB Ryan Flynn Jr.
|
0-0: Called Strike 0-1: Ball 1-1: Called Strike 1-2: Fly out, F9 (Flyball, 9S, EV 80.0 MPH)
|
| Top of the 6th over - 0 runs, 1 hit, 0 errors, 2 left on base; San Diego 3 - Arizona 1 |
| BOTTOM OF THE 6TH |
|
Arizona Diamondbacks batting - Pitching for San Diego Padres : RHP Raul Almonte
|
|
Now at 3B: Jose Morrissey
|
|
|
Now in LF: Carlos Reyes
|
|
|
Now in CF: Ryan Flynn Jr.
|
|
|
Batting: RHB Katilimomi Kelekolio
|
0-0: Ball 1-0: Fly out, F8 (Flyball, 8RD, EV 108.8 MPH)
|
|
Batting: RHB Shiro Suehiro
|
0-0: Ball 1-0: Swinging Strike 1-1: Foul Ball, location: 2F 1-2: Foul Ball, location: 2F 1-2: Foul Ball, location: 2F 1-2: SOLO HOME RUN (Flyball, 7LD, EV 93.8 MPH), Distance : 355 ft
|
|
Batting: SHB Alec Thorpe
|
0-0: Foul Ball, location: 2F 0-1: Ball 1-1: Foul Ball, location: 2F 1-2: Foul Ball, location: 2F 1-2: Ball 2-2: Ground out 6-3 (Groundball, 56, EV 107.5 MPH)
|
|
Batting: RHB David Price Jr.
|
0-0: Foul Ball, location: 2F 0-1: Ball 1-1: Foul Ball, location: 2F 1-2: Strikes out swinging
|
| Bottom of the 6th over - 1 run, 1 hit, 0 errors, 0 left on base; San Diego 3 - Arizona 2 |
| TOP OF THE 7TH |
|
San Diego Padres batting - Pitching for Arizona Diamondbacks : RHP André Gaillard
|
|
Batting: RHB Oscar Fausto
|
0-0: Ball 1-0: Called Strike 1-1: Swinging Strike 1-2: Ground out 6-3 (Groundball, 6, EV 87.5 MPH)
|
|
Batting: RHB Cesar Breceda
|
0-0: Ball 1-0: Called Strike 1-1: Ball 2-1: Ground out 6-3 (Groundball, 6, EV 106.3 MPH)
|
|
Pinch Hitting: RHB Alberto Cotto
|
0-0: Foul Ball, location: 2F 0-1: Swinging Strike 0-2: Ball 1-2: Ball 2-2: Strikes out swinging
|
| Top of the 7th over - 0 runs, 0 hits, 0 errors, 0 left on base; San Diego 3 - Arizona 2 |
| BOTTOM OF THE 7TH |
|
Arizona Diamondbacks batting - Pitching for San Diego Padres : RHP Raul Almonte
|
|
Pitching: RHP Jadon Martin
|
|
|
Now at 1B: Jose Morrissey
|
|
|
Now at 3B: Alberto Cotto
|
|
|
Batting: LHB Danny Dunham
|
0-0: Ball 1-0: Foul Ball, location: 2F 1-1: Foul Ball, location: 2F 1-2: Ball 2-2: SOLO HOME RUN (Flyball, 7LD, EV 93.1 MPH), Distance : 364 ft
|
|
Batting: RHB Blake Ballard
|
0-0: Swinging Strike 0-1: Called Strike 0-2: Ball 1-2: Ball 2-2: Strikes out looking
|
|
Batting: LHB Eric Klasek
|
0-0: Ball 1-0: Fly out, F7 (Flyball, 78S, EV 87.5 MPH)
|
|
Batting: RHB Billy Crookston
|
0-0: Foul Ball, location: 2F 0-1: Foul Ball, location: 2F 0-2: Ball 1-2: Ball 2-2: Fly out, F8 (Flyball, 8RS, EV 88.8 MPH)
|
| Bottom of the 7th over - 1 run, 1 hit, 0 errors, 0 left on base; San Diego 3 - Arizona 3 |
| TOP OF THE 8TH |
|
San Diego Padres batting - Pitching for Arizona Diamondbacks : RHP André Gaillard
|
|
Batting: RHB Chiel Palstermans
|
0-0: Ball 1-0: SINGLE (Flyball, 89S, EV 100.0 MPH)
|
|
Pinch Hitting: LHB Chris Moody
|
0-0: Ball 1-0: Ball 2-0: Foul Ball, location: 2F 2-1: Bunted foul 2-2: Ball 3-2: Strikes out looking
|
|
Batting: RHB Alois Wollf
|
0-0: Ball 1-0: Called Strike 1-1: Swinging Strike 1-2: SINGLE (Line Drive, 8RS, EV 91.9 MPH) Chiel Palstermans to second
|
|
Pitching: RHP Andrew Coker
|
|
|
Pinch Hitting: LHB Conrad Taylor
|
0-0: Ball 1-0: Ball 2-0: Called Strike 2-1: Called Strike 2-2: Ball 3-2: Base on Balls Chiel Palstermans to third Alois Wollf to second
|
|
Batting: RHB Jose Morrissey
|
0-0: Called Strike 0-1: Swinging Strike 0-2: Foul Ball, location: 2F 0-2: Foul Ball, location: 2F 0-2: Strikes out swinging
|
|
Batting: LHB Ryan Flynn Jr.
|
0-0: Ball 1-0: Swinging Strike 1-1: Ball 2-1: Called Strike 2-2: Ball 3-2: Ground out U3 (Groundball, 3, EV 83.1 MPH)
|
| Top of the 8th over - 0 runs, 2 hits, 0 errors, 3 left on base; San Diego 3 - Arizona 3 |
| BOTTOM OF THE 8TH |
|
Arizona Diamondbacks batting - Pitching for San Diego Padres : RHP Jadon Martin
|
|
Now in LF: Conrad Taylor
|
|
|
Now in RF: Chris Moody
|
|
|
Batting: LHB Kyle Beaulieu
|
0-0: Ball 1-0: Ball 2-0: Ground out 6-3 (Groundball, 6MS, EV 68.1 MPH)
|
|
Pinch Hitting: RHB Jon Solano
|
0-0: Ball 1-0: Ball 2-0: Foul Ball, location: 2F 2-1: SINGLE (Flyball, 89M, EV 89.4 MPH)
|
|
Batting: RHB Shiro Suehiro
|
0-0: Ball 1-0: Swinging Strike 1-1: Ball 2-1: Fielders Choice at 2nd, 3-6 (Groundball, 34S, EV 80.0 MPH)
|
|
Pinch Hitting: RHB Andy Swaim
|
0-0: Ball 1-0: Called Strike 1-1: Swinging Strike 1-2: Strikes out swinging
|
| Bottom of the 8th over - 0 runs, 1 hit, 0 errors, 1 left on base; San Diego 3 - Arizona 3 |
| TOP OF THE 9TH |
|
San Diego Padres batting - Pitching for Arizona Diamondbacks : RHP Andrew Coker
|
|
Pitching: LHP Mario Valdivia
|
|
|
Now at 2B: Jon Solano
|
|
|
Now at SS: Andy Swaim
|
|
|
Batting: RHB Oscar Fausto
|
0-0: Swinging Strike 0-1: Foul Ball, location: 2F 0-2: Ball 1-2: Ball 2-2: Foul Ball, location: 2F 2-2: Ball 3-2: Base on Balls
|
|
Pinch Hitting: RHB Ben Zeiler
|
0-0: Called Strike 0-1: Grounds into double play, 6-4-3 (Groundball, 6, EV 80.6 MPH)
|
|
Batting: RHB Alberto Cotto
|
0-0: Ball 1-0: SINGLE (Flyball, 78S, EV 91.3 MPH)
|
|
Batting: RHB Chiel Palstermans
|
0-0: Ball 1-0: Called Strike 1-1: Fielders Choice at 2nd, 6-4 (Groundball, 6, EV 98.8 MPH)
|
| Top of the 9th over - 0 runs, 1 hit, 0 errors, 1 left on base; San Diego 3 - Arizona 3 |
| BOTTOM OF THE 9TH |
|
Arizona Diamondbacks batting - Pitching for San Diego Padres : RHP Jadon Martin
|
|
Pitching: RHP Jack Overbeek
|
|
|
Now at C: Ben Zeiler
|
|
|
Pinch Hitting: RHB Joe Smack
|
0-0: Called Strike 0-1: Called Strike 0-2: Fly out, F9 (Flyball, 89M, EV 93.8 MPH)
|
|
Pinch Hitting: RHB Israel Gaona
|
0-0: Foul Ball, location: 2F 0-1: Foul Ball, location: 2F 0-2: Ball 1-2: Foul Ball, location: 2F 1-2: Strikes out swinging
|
|
Pinch Hitting: LHB Roy Steigerwald
|
0-0: Ball 1-0: Ground out 4-3 (Groundball, 4, EV 106.9 MPH)
|
| Bottom of the 9th over - 0 runs, 0 hits, 0 errors, 0 left on base; San Diego 3 - Arizona 3 |
| TOP OF THE 10TH |
|
San Diego Padres batting - Pitching for Arizona Diamondbacks : LHP Mario Valdivia
|
|
Now at 1B: Israel Gaona
|
|
|
Now in CF: Roy Steigerwald
|
|
|
Now in RF: Joe Smack
|
|
|
Pinch Hitting: RHB Matthew Starr
|
0-0: SINGLE (Groundball, 6MD, EV 100.0 MPH)
|
|
Batting: RHB Alois Wollf
|
0-0: Foul Ball, location: 2F 0-1: Swinging Strike 0-2: Foul Ball, location: 2F 0-2: Ball 1-2: Ball 2-2: Foul Ball, location: 2F 2-2: Foul Ball, location: 2F 2-2: Strikes out looking
|
|
Batting: LHB Conrad Taylor
|
0-0: Ball 1-0: Foul Ball, location: 2F 1-1: DOUBLE (Line Drive, 7LM, EV 113.8 MPH) Matthew Starr to third
|
|
Batting: RHB Jose Morrissey
|
0-0: Intentional Walk
|
|
Batting: LHB Ryan Flynn Jr.
|
0-0: Ball 1-0: Ball 2-0: Ball 3-0: Called Strike 3-1: Grounds into fielders choice 4-2 (Groundball, 4MD, EV 86.9 MPH) Conrad Taylor to third Jose Morrissey to second
|
|
Batting: RHB Oscar Fausto
|
0-0: Called Strike 0-1: Ball 1-1: Ball 2-1: Ball 3-1: Foul Ball, location: 2F 3-2: Ground out 5-3 (Groundball, 5L, EV 84.4 MPH)
|
| Top of the 10th over - 0 runs, 2 hits, 0 errors, 3 left on base; San Diego 3 - Arizona 3 |
| BOTTOM OF THE 10TH |
|
Arizona Diamondbacks batting - Pitching for San Diego Padres : RHP Jack Overbeek
|
|
Now in RF: Matthew Starr
|
|
|
Pinch Hitting: RHB Fabrice Bertin
|
0-0: Swinging Strike 0-1: Ball 1-1: Ball 2-1: Called Strike 2-2: Foul Ball, location: 2F 2-2: Ground out 5-3 (Groundball, 56S, EV 90.0 MPH)
|
|
Pinch Hitting: SHB Warren Eisner
|
0-0: Called Strike 0-1: Ball 1-1: Fly out, F9 (Flyball, 9S, EV 95.0 MPH)
|
|
Batting: LHB Kyle Beaulieu
|
0-0: Ground out 6-3 (Groundball, 6, EV 81.9 MPH)
|
| Bottom of the 10th over - 0 runs, 0 hits, 0 errors, 0 left on base; San Diego 3 - Arizona 3 |
| TOP OF THE 11TH |
|
San Diego Padres batting - Pitching for Arizona Diamondbacks : LHP Mario Valdivia
|
|
Pitching: RHP Gerardo Camacho
|
|
|
Now at C: Warren Eisner
|
|
|
Now in LF: Joe Smack
|
|
|
Now in RF: Fabrice Bertin
|
|
|
Pinch Hitting: SHB Devin Hottenstein
|
0-0: Swinging Strike 0-1: Swinging Strike 0-2: Strikes out swinging
|
|
Batting: RHB Alberto Cotto
|
0-0: Swinging Strike 0-1: Ball 1-1: Ball 2-1: Ball 3-1: Foul Ball, location: 2F 3-2: Ground out 3-1 (Groundball, 34, EV 100.6 MPH)
|
|
Batting: RHB Chiel Palstermans
|
0-0: Ball 1-0: Called Strike 1-1: Swinging Strike 1-2: Ball 2-2: Ball 3-2: Base on Balls
|
|
Batting: RHB Matthew Starr
|
0-0: Called Strike Chiel Palstermans steals 2nd base (no throw) 0-1: Foul Ball, location: 2F 0-2: Ball 1-2: Ground out 4-3 (Groundball, 4, EV 76.9 MPH)
|
| Top of the 11th over - 0 runs, 0 hits, 0 errors, 1 left on base; San Diego 3 - Arizona 3 |
| BOTTOM OF THE 11TH |
|
Arizona Diamondbacks batting - Pitching for San Diego Padres : RHP Jack Overbeek
|
|
Now at C: Joseph Martin
|
|
|
Batting: RHB Jon Solano
|
0-0: Foul Ball, location: 2F 0-1: SINGLE (Groundball, 56D, EV 105.0 MPH)
|
|
Batting: RHB Shiro Suehiro
|
0-0: Called Strike 0-1: Ball 1-1: Ball 2-1: Ball 3-1: Fly out, F8 (Flyball, 8RXD, EV 96.3 MPH) Runner from 1st tags up, SAFE at 2nd
|
|
Batting: RHB Andy Swaim
|
0-0: Fly out, F3 (Popup, 3F, EV 65.0 MPH)
|
|
Batting: RHB Joe Smack
|
0-0: Ball 1-0: Ground out 6-3 (Groundball, 6, EV 88.1 MPH)
|
| Bottom of the 11th over - 0 runs, 1 hit, 0 errors, 1 left on base; San Diego 3 - Arizona 3 |
| TOP OF THE 12TH |
|
San Diego Padres batting - Pitching for Arizona Diamondbacks : RHP Gerardo Camacho
|
|
Batting: RHB Alois Wollf
|
0-0: Called Strike 0-1: Foul Ball, location: 2F 0-2: Foul Ball, location: 2F 0-2: SINGLE (Groundball, 6MD, EV 96.9 MPH)
|
|
Batting: LHB Conrad Taylor
|
0-0: Ball 1-0: Ball 2-0: Called Strike 2-1: Ball 3-1: Fly out, F2 (Popup, 15S, EV 82.5 MPH)
|
|
Pitching: RHP Willie Nieto
|
|
|
Batting: RHB Jose Morrissey
|
0-0: Ball Alois Wollf steals 2nd, throwing error, E2 Alois Wollf to third 1-0: Called Strike 1-1: Foul Ball, location: 2F 1-2: Foul Ball, location: 2F 1-2: Ball 2-2: Foul Ball, location: 2F 2-2: Ground out 6-3 (Groundball, 6MS, EV 71.3 MPH)
|
|
Batting: LHB Ryan Flynn Jr.
|
0-0: Intentional Walk
|
|
Batting: RHB Oscar Fausto
|
0-0: Ball 1-0: Foul Ball, location: 2F 1-1: Ball 2-1: Called Strike 2-2: Foul Ball, location: 2F 2-2: Ball 3-2: Strikes out swinging
|
| Top of the 12th over - 0 runs, 1 hit, 1 error, 2 left on base; San Diego 3 - Arizona 3 |
| BOTTOM OF THE 12TH |
|
Arizona Diamondbacks batting - Pitching for San Diego Padres : RHP Jack Overbeek
|
|
Pinch Hitting: LHB Chris Escobar
|
0-0: DOUBLE (Flyball, 89XD, EV 101.9 MPH)
|
|
Batting: LHB Roy Steigerwald
|
0-0: Intentional Walk
|
|
Batting: RHB Fabrice Bertin
|
0-0: Called Strike 0-1: Ball 1-1: Grounds into double play, 6-4-3 (Groundball, 6, EV 107.5 MPH) Chris Escobar to third
|
|
Batting: SHB Warren Eisner
|
0-0: SINGLE (Line Drive, 4D, EV 106.9 MPH) Chris Escobar scores
|
| Bottom of the 12th over - 1 run, 2 hits, 0 errors, 0 left on base; San Diego 3 - Arizona 4 |
| |
|
Game Over ... Arizona defeats San Diego, 4 to 3
|
|
|